 Dungeon Crawl Stone Soup version 0.29.1-2-gbd0b4ee654 (webtiles) character file.

Game seed: 11948964901454183540

2732 videwesjr the Cleaver (level 9, 0/79 HPs)
             Began as a Minotaur Berserker on Nov 3, 2022.
             Was a Priest of Trog.
             Slain by a troll (2 damage)
             ... on level 8 of the Dungeon.
             The game lasted 00:10:01 (6126 turns).

videwesjr the Cleaver (Minotaur Berserker)          Turns: 6126, Time: 00:10:02

Health: 0/79       AC: 16    Str: 26    XL:     9   Next: 40%
Magic:  8/8        EV:  7    Int:  4    God:    Trog [***...]
Gold:   310        SH:  8    Dex: 10    Spells: 8/8 levels left

rFire   . . .      SeeInvis .   y - +0 war axe (spect)
rCold   . . .      Faith    .   g - +0 kite shield
rNeg    + . .      Spirit   .   l - +0 plate armour
rPois   .          Reflect  .   (helmet restricted)
rElec   .          Harm     .   i - +0 cloak
rCorr   .          Rampage  .   (no gloves)
Will    .....      Clarity  +   v - +0 pair of boots
Stlth   ..........              e - amulet of the acrobat
HPRegen 0.23/turn               r - ring of positive energy
MPRegen 0.11/turn               (no ring)

@: invisible
A: horns 2, retaliatory headbutt, clarity, screaming 1
a: Renounce Religion, Berserk, Trog's Hand


You were on level 8 of the Dungeon.
You worshipped Trog.
Trog was most pleased with you.
You visited 1 branch of the dungeon, and saw 7 of its levels.

You collected 352 gold pieces.
You spent 42 gold pieces at shops.

Inventory:

Hand Weapons
 a - a +0 hand axe
 x - a +0 morningstar
 y - a +0 spectral war axe (weapon)
Missiles
 k - 10 poisoned darts (quivered)
 s - 4 javelins
 t - 2 atropa-tipped darts
 B - 2 boomerangs
Armour
 b - a +0 animal skin
 g - a +0 kite shield (worn)
 i - a +0 cloak (worn)
 l - a +0 plate armour (worn)
 n - a +0 chain mail
 v - a +0 pair of boots (worn)
Jewellery
 c - a ring of willpower
 e - an amulet of the acrobat (around neck)
 r - a ring of positive energy (left hand)
Scrolls
 d - 3 scrolls of teleportation
 m - a scroll of magic mapping
 u - 2 scrolls of brand weapon
 w - a scroll of fear
Potions
 f - a potion of flight
 h - a potion of berserk rage
 o - 2 potions of might
 p - 3 potions of lignification {unknown}


   Skills:
 + Level 7.2 Fighting
 + Level 10.0 Axes
 + Level 0.5 Throwing
 + Level 8.5 Armour
 + Level 4.5 Dodging
 + Level 1.1 Stealth
 + Level 4.5 Shields


You had 8 spell levels left.
You didn't know any spells.
Your spell library was empty.

Dungeon Overview and Level Annotations

Branches:
Dungeon (8/15)
 Temple: D:4-7         Lair: D:8-11

Altars:
Elyvilon
Fedhas
Okawaru
Ru
Trog
Uskayaw
The Shining One

Shops:
D:3 *   D:6 *

Annotations:
D:8 1 runed translucent door


Innate Abilities, Weirdness & Mutations

You have a pair of horns on your head.
You reflexively headbutt those who attack you in melee.
You possess an exceptional clarity of mind.
You occasionally shout uncontrollably at your foes.


Message History

You destroy the vampire mosquito!
Trog accepts your kill.
You feel sick.
A kobold brigand comes into view.
It is wielding a +0 club and quivering curare-tipped darts.
The wyvern bites you!
* * * LOW HITPOINT WARNING * * *
You feel sick.
You closely miss the wyvern.
The wyvern is heavily wounded.
Your +0 spectral war axe barely misses the wyvern.
You feel sick.
The wyvern bites you but does no damage.
The wyvern bites you.
* * * LOW HITPOINT WARNING * * *
You closely miss the wyvern.
The wyvern is heavily wounded.
Your +0 spectral war axe hits the wyvern!
You feel sick.
The wyvern misses your +0 spectral war axe.
The wyvern bites your +0 spectral war axe!!
Your spectral weapon shares its damage with you!
* * * LOW HITPOINT WARNING * * *
You feel better. The wyvern closely misses you. You furiously retaliate!
You headbutt the wyvern!
You kill the wyvern!
Trog accepts your kill.
Your Axes skill increases to level 10!
Unknown command.
You feel better.
You are too injured to fight recklessly!
You slash the troll! Your headbutt misses the troll.
The troll is lightly wounded.
Your +0 spectral war axe hits the troll!
The troll closely misses you. The troll claws you!
* * * LOW HITPOINT WARNING * * *
The troll claws you.
* * * LOW HITPOINT WARNING * * *
You fade into invisibility!
You block the troll's attack. The troll claws you.
You die...

### .... .. ....
.. ..... ####.
#..... ......
#....
).....#######.(.#
.........§.#††.#
..........§#K)#
..........@T###
..######.#### #.#
#.# #.### #...#
###.## ###### #..#
##....##
##.#######..##..##


You could see a troll (unable to see you) and a kobold brigand (unable to see
you).

Vanquished Creatures
  Psyche (D:8)
  A hornet (D:7)
  2 wyverns (D:8)
  A steam dragon (D:8)
  A vampire mosquito (D:8)
  2 water moccasins
  A sky beast (D:7)
  A black bear (D:7)
  2 centaurs
  A kobold brigand (D:4)
  2 bullfrogs (D:7)
  A necrophage (D:7)
  6 killer bees (D:7)
  2 howler monkeys (D:8)
  4 hounds (D:6)
  A jelly (D:8)
  A gnoll bouda (D:7)
  An orc priest (D:4)
  2 iguanas
  4 orc wizards
  7 adders
  3 gnolls (D:7)
  3 shadow imps
  2 worms (D:2)
  2 dart slugs
  17 orcs
  9 ball pythons
  5 bats
  5 endoplasms
  A giant cockroach (D:1)
  6 hobgoblins
  3 jackals (D:3)
  4 kobolds
  5 quokkas
  3 frilled lizards
  10 goblins
  6 rats
128 creatures vanquished.

Notes
Turn   | Place    | Note
-------+----------+-------------------------------------------
     0 | D:1      | videwesjr the Minotaur Berserker began the quest for the
                  | Orb.
     0 | D:1      | Reached XP level 1. HP: 19/19 MP: 0/0
   287 | D:1      | Reached skill level 4 in Axes
   287 | D:1      | Reached XP level 2. HP: 12/27 MP: 1/1
   982 | D:2      | Reached XP level 3. HP: 33/33 MP: 2/2
  1037 | D:2      | Found a bloodstained altar of Trog.
  1215 | D:2      | Reached ** piety under Trog
  1294 | D:2      | Reached XP level 4. HP: 41/41 MP: 3/3
  1827 | D:3      | Found Isaalaofyim's General Store.
  2411 | D:3      | Reached XP level 5. HP: 40/47 MP: 4/4
  2416 | D:3      | Reached *** piety under Trog
  2497 | D:3      | Reached skill level 5 in Axes
  2611 | D:3      | Found a hide-covered altar of Uskayaw.
  2611 | D:3      | Found a glowing golden altar of the Shining One.
  2696 | D:3      | Gained mutation: You are partially covered in iridescent
                  | scales. (AC +2) [potion of mutation]
  2696 | D:3      | Gained mutation: Your body sometimes deteriorates upon
                  | taking damage. [potion of mutation]
  2697 | D:3      | Lost mutation: Your body sometimes deteriorates upon taking
                  | damage. [potion of mutation]
  2697 | D:3      | Lost mutation: You are partially covered in iridescent
                  | scales. (AC +2) [potion of mutation]
  2697 | D:3      | Gained mutation: You expend magic power (3 MP) to
                  | strengthen your wands. [potion of mutation]
  2697 | D:3      | Gained mutation: You sometimes lose your temper in combat.
                  | [potion of mutation]
  2697 | D:3      | Gained mutation: You are somewhat resistant to further
                  | mutation. [potion of mutation]
  2724 | D:4      | Reached skill level 5 in Fighting
  2724 | D:4      | Reached skill level 1 in Shields
  2867 | D:4      | Lost mutation: You are somewhat resistant to further
                  | mutation. [potion of mutation]
  2867 | D:4      | Lost mutation: You sometimes lose your temper in combat.
                  | [potion of mutation]
  2867 | D:4      | Gained mutation: You have supernaturally acute eyesight.
                  | (SInv) [potion of mutation]
  2867 | D:4      | Gained mutation: Your body sometimes deteriorates upon
                  | taking damage. [potion of mutation]
  2867 | D:4      | Gained mutation: You have a pair of large horns on your
                  | head. [potion of mutation]
  2868 | D:4      | Lost mutation: You have a pair of large horns on your head.
                  | [potion of mutation]
  2868 | D:4      | Lost mutation: Your body sometimes deteriorates upon taking
                  | damage. [potion of mutation]
  2868 | D:4      | Lost mutation: You expend magic power (3 MP) to strengthen
                  | your wands. [potion of mutation]
  2868 | D:4      | Gained mutation: You are resistant to electric shocks.
                  | (rElec) [potion of mutation]
  2868 | D:4      | Gained mutation: You are strong-willed. (Will+) [potion of
                  | mutation]
  2922 | D:4      | Reached XP level 6. HP: 38/56 MP: 5/5
  3127 | D:4      | You fall into a shaft and drop 2 floors!
  3173 | D:6      | Reached skill level 6 in Axes
  3320 | D:6      | Found Duel's General Store.
  3327 | D:6      | Noticed a water moccasin
  3338 | D:6      | Killed a water moccasin
  3339 | D:6      | Reached skill level 1 in Stealth
  3344 | D:6      | Bought a +0 war axe for 42 gold pieces
  3576 | D:6      | Found a white marble altar of Elyvilon.
  3611 | D:6      | Reached XP level 7. HP: 62/62 MP: 6/6
  3756 | D:6      | Reached skill level 7 in Axes
  3756 | D:6      | Reached skill level 5 in Armour
  3937 | D:6      | Found a sacrificial altar of Ru.
  4012 | D:6      | Identified the +0 robe of Lyonerr {Int+6}
  4019 | D:6      | Found a blossoming altar of Fedhas.
  4246 | D:7      | Found an iron altar of Okawaru.
  4305 | D:7      | Noticed a hornet
  4307 | D:7      | Paralysed by a hornet for 1 turns
  4311 | D:7      | Paralysed by a hornet for 2 turns
  4314 | D:7      | Killed a hornet
  4592 | D:7      | Reached XP level 8. HP: 70/70 MP: 7/7
  4643 | D:7      | Reached skill level 8 in Axes
  5502 | D:7      | Lost mutation: You are strong-willed. (Will+) [potion of
                  | mutation]
  5502 | D:7      | Lost mutation: You are resistant to electric shocks.
                  | (rElec) [potion of mutation]
  5502 | D:7      | Lost mutation: You have supernaturally acute eyesight.
                  | (SInv) [potion of mutation]
  5502 | D:7      | Gained mutation: You occasionally shout uncontrollably at
                  | your foes. [potion of mutation]
  5502 | D:7      | Gained mutation: You possess an exceptional clarity of
                  | mind. [potion of mutation]
  5715 | D:8      | Noticed Psyche
  5730 | D:8      | Killed Psyche
  5731 | D:8      | Reached skill level 9 in Axes
  5731 | D:8      | Reached XP level 9. HP: 62/79 MP: 8/8
  5901 | D:8      | Found a runed translucent door.
  6098 | D:8      | Found a runed translucent door.
  6106 | D:8      | Noticed a troll
  6122 | D:8      | HP: 3/79 [wyvern (9)]
  6124 | D:8      | Reached skill level 10 in Axes
  6126 | D:8      | Slain by a troll

Illustrated notes

Levels and vault maps discovered:
D:1:      onia_arrival_pyramid, layout_basic
D:2:      layout_loops_cross, basic_altar, corner_web_ring
D:3:      layout_loops_ring, gammafunk_temple_overflow_elements, serial_shops,
          nicolae_shop_advertising_works [nicolae_subvault_shop_adworks],
          st_stairs_10, kennysheep_cross_room, eino_tiny_chamber
D:4:      layout_rooms, cheibrodos_sewer_entry_bend
D:6:      layout_basic, mainiacjoe_overflow_tiny_flanked,
          nicolae_elyvilon_peaceful_grove, mainiacjoe_overflow_surrounded_room,
          serial_glass, glass_columns_b, glass_columns_a, serial_shops, shop
D:7:      layout_basic, okawaru_metal_pillars_1_2, grunt_ministairs_11
D:8:      cheibrodos_histonic, layout_basic, general_overflow_altar,
          lemuel_flame_loot_1, uniq_psyche

Skill      XL: |  1  2  3  4  5  6  7  8  9 |
---------------+----------------------------+-----
Axes           | 4 5 6 7 9 10 | 10.0
Fighting       | 4 5 6 7 |  7.2
Armour         | 3 4 5 7 8 |  8.5
Shields        | 1 2 3 4 |  4.5
Dodging        | 3 4 |  4.5
Stealth        | 1 |  1.1
Throwing       | |  0.5

Action                   |  1- 3 |  4- 6 |  7- 9 || total
-------------------------+-------+-------+-------++-------
Melee: Hand axe          |    84 |   156 |       ||   240
       Headbutt          |    10 |    24 |    18 ||    52
       War axe           |       |     5 |   120 ||   125
Throw: Dart              |       |       |     4 ||     4
  Use: Scroll            |       |    10 |     3 ||    13
       Potion            |       |     4 |    10 ||    14
Armor: Animal skin       |     4 |       |       ||     4
       Chain mail        |    32 |    94 |    35 ||   161
       Plate armour      |       |       |    66 ||    66
Dodge: Dodged            |    39 |    64 |    58 ||   161
Block: Kite shield       |       |    45 |    57 ||   102
